Map: Terraform LE (Void)

Players

ImotoFantasy

  • Race: Protoss Protoss
  • League: Platinum

Diogenes - Winner!

  • Race: Terran Terran
  • League: Grandmaster

VOD

Have the link to the VOD?

Description

Time

  • Played on: Oct. 26, 2015, 10:44 p.m.
  • Length: 12:36
Show
View Real Time Build Order
Export as new Build Order

ImotoFantasy Protoss 

Build Orders: 1 Gate Expand 

Get SALT Encoding   

  12  0:01  Probe (Chrono Boost)  
  13  0:11  Probe (Chrono Boost)  
  14  0:17  Pylon  
  14  0:22  Probe (Chrono Boost)  
  15  0:36  Probe (Chrono Boost)  
  15  0:37  Gateway  
  16  0:46  Probe (Chrono Boost)  
  16  0:49  Assimilator  
  18  0:57  Probe (Chrono Boost)  
  18  1:07  Probe (Chrono Boost)  
  19  1:18  Probe (Chrono Boost)  
  20  1:25  Cybernetics Core  
  20  1:28  Probe (Chrono Boost)  
  21  1:43  Nexus  
  21  1:49  Probe (Chrono Boost)  
  21  1:57  Pylon  
  21  1:59  Probe (Chrono Boost)  
  21  2:00  Assimilator  
  22  2:10  Probe (Chrono Boost)  
  22  2:11  Warp Gate  
  23  2:15  Stalker  
  23  2:20  Probe (Chrono Boost)  
  26  2:27  Forge  
  26  2:31  Probe (Chrono Boost)  
  27  2:42  Mothership Core (Chrono Boost)  
  29  2:55  Probe (Chrono Boost)  
  30  3:00  Probe (Chrono Boost)  
  30  3:01  Protoss Ground Weapons Level 1 (Chrono Boost)  
  30  3:04  Probe  
  31  3:12  Probe  
  33  3:13  Robotics Facility  
  33  3:15  Probe  
  33  3:17  Pylon  
  34  3:24  Probe  
  34  3:25  Probe  
  35  3:30  Pylon  
  36  3:36  Probe x2  
  36  3:39  Gateway  
  38  3:41  Gateway  
  38  3:45  Sentry  
  38  3:48  Probe  
  40  3:49  Probe  
  40  3:52  Pylon  
  42  3:55  Pylon  
  42  4:01  Observer  
  43  4:07  Twilight Council  
  43  4:08  Probe  
  43  4:09  Probe  
  45  4:12  Assimilator  
  45  4:15  Assimilator  
  45  4:19  Probe  
  45  4:21  Probe  
  47  4:25  Immortal  
  47  4:30  Probe  
  51  4:31  Sentry  
  51  4:34  Probe  
  55  4:40  Zealot x2  
  55  4:43  Probe  
  60  4:46  Probe  
  60  4:51  Pylon  
  61  4:54  Pylon  
  61  4:56  Probe  
  61  4:58  Probe  
  63  5:00  Pylon  
  63  5:02  Stalker  
  64  5:23  Observer  
  59  5:30  Stalker  
  59  5:31  Stalker x2  
  57  5:44  Immortal  
  57  5:48  Probe  
  57  5:49  Probe  
  63  5:54  Zealot x2  
  63  5:55  Sentry  
  69  6:01  Protoss Ground Armor Level 1 (Chrono Boost)  
  69  6:02  Nexus  
  69  6:07  Probe  
  69  6:08  Probe  
  69  6:10  Pylon  
  71  6:16  Pylon  
  71  6:23  Charge  
  71  6:24  Observer, Robotics Facility  
  72  6:35  Gateway  
  72  6:38  Pylon  
  72  6:40  Gateway  
  72  6:45  Immortal  
  76  6:47  Probe, Gateway  
  76  6:48  Gateway, Probe  
  78  7:01  Probe  
  78  7:02  Probe  
  78  7:05  Zealot x3  
  77  7:28  Zealot  
  77  7:29  Zealot x2  
  79  7:30  Probe x2  
  79  7:32  Probe  
  79  7:36  Pylon  
  80  7:38  Immortal  
  80  7:39  Warp Prism  
  86  7:45  Probe  
  86  7:46  Probe  
  86  7:47  Probe  
  89  7:54  Assimilator  
  89  7:55  Sentry x2  
  89  7:56  Stalker  
  89  7:57  Stalker x2, Assimilator  
  89  7:58  Zealot x2  
  103  8:00  Probe x2  
  103  8:02  Probe  
  106  8:14  Robotics Bay  
  106  8:19  Photon Cannon  
  106  8:30  Blink  
  106  8:33  Zealot x5  
  116  8:34  Zealot  
  93  8:51  Probe  
  93  8:53  Probe  
  91  9:00  Zealot x2  
  91  9:01  Zealot x4  
  103  9:05  Probe x2  
  103  9:07  Probe  
  99  9:19  Probe x3  
  99  9:22  Pylon  
  101  9:26  Pylon  
  101  9:31  Probe x2  
  102  9:32  Probe  
  102  9:37  Photon Cannon  
  104  9:40  Disruptor  
  104  9:43  Probe  
  108  10:05  Probe x2  
  108  10:06  Probe  
  111  10:15  Stalker x2  
  111  10:16  Stalker x2  
  119  10:29  Zealot x2  
  119  10:30  Zealot  
  119  10:33  Immortal x2  
  118  10:44  Probe x2  
  99  11:04  Probe  
  99  11:05  Probe  
  99  11:09  Nexus  
  97  11:17  Probe  
  93  11:52  Pylon  
  93  11:54  Pylon  
  93  11:57  Pylon  
  93  12:15  Nexus  
  93  12:18  Zealot x3  
  99  12:29  Nexus  
Show
View Real Time Build Order
Export as new Build Order

Diogenes Terran - Winner!

Build Orders: Command Center First (CC), MMM Bio 

Get SALT Encoding   

  12  0:01  SCV  
  13  0:13  SCV  
  14  0:18  Supply Depot  
  14  0:25  SCV  
  15  0:40  SCV  
  16  0:52  SCV  
  17  1:02  Command Center  
  17  1:04  SCV  
  18  1:15  Barracks  
  18  1:17  SCV  
  19  1:27  Refinery  
  19  1:29  SCV  
  20  1:41  SCV  
  21  1:53  SCV  
  22  2:04  Barracks Tech Lab  
  22  2:07  Orbital Command  
  22  2:15  Orbital Command  
  22  2:16  Bunker  
  24  2:23  Marauder  
  24  2:28  Barracks  
  24  2:32  Concussive Shells  
  24  2:34  SCV  
  25  2:42  SCV  
  26  2:48  SCV  
  29  2:51  Marauder  
  29  2:54  SCV  
  29  2:56  Barracks  
  30  3:00  SCV  
  31  3:06  SCV  
  31  3:12  SCV, Marauder  
  35  3:14  Supply Depot  
  35  3:16  Barracks Reactor  
  35  3:18  SCV  
  36  3:27  SCV  
  36  3:30  SCV  
  38  3:35  Marine  
  38  3:36  Supply Depot  
  38  3:41  SCV  
  40  3:42  SCV  
  40  3:46  Command Center, Marine  
  40  3:47  Stimpack  
  42  3:53  SCV, Marine x2  
  42  3:54  SCV  
  46  3:58  Marauder  
  46  3:59  Refinery  
  48  4:04  Supply Depot, Marine  
  48  4:05  SCV  
  48  4:06  SCV  
  51  4:10  Supply Depot  
  51  4:11  Marine x2  
  53  4:18  SCV  
  54  4:25  SCV, Engineering Bay  
  54  4:26  Marauder  
  54  4:27  Supply Depot  
  54  4:29  Barracks Reactor  
  54  4:30  Marine x2  
  59  4:40  SCV x2  
  61  4:47  Marine x2, Marauder  
  61  4:50  Supply Depot  
  61  4:52  SCV x2  
  67  4:54  Supply Depot  
  67  4:57  Refinery  
  67  4:58  Terran Infantry Weapons Level 1  
  67  5:02  Engineering Bay  
  67  5:04  SCV x2  
  67  5:06  Marine x4  
  73  5:08  Marauder  
  71  5:35  Marine x4  
  68  5:36  Marauder  
  62  5:52  SCV x2, Marine  
  62  5:53  Orbital Command, Marine  
  66  5:57  Marauder, Marine x2  
  66  6:00  Terran Infantry Armor Level 1  
  70  6:05  Factory  
  70  6:07  Supply Depot  
  70  6:09  Supply Depot  
  70  6:10  SCV  
  70  6:11  SCV  
  72  6:12  Barracks x2  
  72  6:13  Combat Shields, Barracks  
  72  6:20  Marine x4  
  72  6:21  Marauder  
  72  6:24  SCV x3  
  81  6:28  Refinery  
  81  6:36  SCV x3  
  81  6:37  Command Center  
  84  6:43  Marine x3  
  84  6:44  Marauder  
  89  6:48  SCV x3, Missile Turret  
  89  6:49  Missile Turret  
  89  6:53  Marine  
  93  6:55  Factory Reactor  
  93  6:58  Starport  
  93  7:00  SCV x3  
  93  7:01  Marine  
  96  7:02  Supply Depot, Barracks Tech Lab x2  
  96  7:03  Barracks Tech Lab  
  96  7:04  Armory  
  96  7:05  Marauder  
  96  7:08  Marine x2  
  99  7:11  Marine  
  101  7:19  Marine  
  88  7:31  Marine x3  
  88  7:32  Marauder x4  
  88  7:35  SCV x2  
  88  7:36  SCV  
  102  7:41  Ghost Academy  
  102  7:48  Marine  
  102  7:49  Marine x3  
  102  7:51  Factory Reactor  
  106  7:52  Medivac x2  
  106  7:53  Marauder x3  
  106  7:54  Marauder  
  118  8:05  SCV  
  118  8:06  SCV x2  
  118  8:11  Marine x4  
  125  8:15  Marauder x4  
  125  8:16  Supply Depot, Terran Infantry Weapons Level 2  
  125  8:17  Supply Depot  
  125  8:18  Supply Depot  
  133  8:24  Terran Infantry Armor Level 2  
  128  8:47  Marine x2  
  128  8:48  Marauder, Marine  
  124  8:49  Marauder x3  
  115  8:56  Medivac x2  
  115  8:57  Hellbat x2  
  115  9:02  Supply Depot  
  123  9:04  Supply Depot  
  123  9:06  Planetary Fortress, Supply Depot  
  118  9:19  Marine x3  
  118  9:20  Marauder x4  
  118  9:22  Refinery  
  118  9:24  Refinery  
  126  9:26  Missile Turret  
  126  9:30  Missile Turret  
  126  9:31  Hellbat x2  
  130  9:33  Missile Turret, Medivac  
  130  9:34  Sensor Tower  
  132  9:48  Marine x2  
  132  9:49  Marauder x3  
  132  9:52  Hellbat x2  
  143  10:19  Marine x2  
  143  10:20  Marauder, Marine x2  
  143  10:21  Marauder x3  
  149  10:37  Marine x3  
  149  10:38  Marine  
  149  10:42  Marauder x4  
  147  10:55  Marine x4  
  148  11:01  SCV x2  
  148  11:03  Marauder x3  
  148  11:04  Marauder  
  154  11:13  Marine x2  
  154  11:18  Marine x2  
  154  11:25  Marauder x4  
  159  11:31  Factory Reactor, Marine x2  
  152  11:40  Missile Turret, Marine x2  
  152  11:42  Missile Turret x2  
  152  11:45  Medivac  
  152  11:46  Marauder x4  
  164  11:48  Marine  
  164  11:49  Marine  
  166  11:58  Marine x2  
  168  12:06  Marine  
  168  12:07  Marauder x2  
  168  12:08  Marauder x2  
Tags
 
Add a new tag
Caveats
  • Supply blocks, unpowered buildings, or Contaminate may cause inaccurate times.
  • Supply counts are checked every 10 seconds.